 Dungeon Crawl Stone Soup version 0.28-a0-1415-g7c84da036a (webtiles) character file.

Game seed: 16693149320684651087

46 Shayle the Ducker (level 3, -1/36 HPs)
             Began as an Ogre Warper on Jan 7, 2022.
             Was a Follower of Trog.
             Slain by an adder (3 damage)
             ... on level 2 of the Dungeon.
             The game lasted 00:05:42 (1875 turns).

Shayle the Ducker (Ogre Warper)                     Turns: 1875, Time: 00:05:44

Health: -1/36      AC:  3    Str: 12 (15) XL:     3   Next: 66%
Magic:  6/6        EV: 10    Int: 11 (14) God:    Trog [*.....]
Gold:   49         SH:  0    Dex:  7 (10) Spells: 4/6 levels left

rFire   + . .      SeeInvis .     - Unarmed
rCold   . . .      Faith    .   (no shield)
rNeg    . . .      Spirit   .   a - +0 robe
rPois   .          Reflect  .   (helmet restricted)
rElec   .          Harm     .   (no cloak)
rCorr   .          Rampage  .   (gloves unavailable)
Will    .....                   (boots unavailable)
Stlth   +.........              (no amulet)
HPRegen 0.12/turn               f - ring of protection from fire
MPRegen 0.10/turn               (no ring)

@: lethally poisoned (-1 -> -5), on berserk cooldown, slowed, very slow
A: large, unfitting armour, tough skin 1
a: Renounce Religion, Berserk


You were on level 2 of the Dungeon.
You worshipped Trog.
Trog was aware of your devotion.
You visited 1 branch of the dungeon, and saw 2 of its levels.

You collected 49 gold pieces.

Inventory:

Armour
 a - a +0 robe (worn)
Jewellery
 f - a ring of protection from fire (left hand)
Scrolls
 b - 2 scrolls of blinking
 d - a scroll of vulnerability
 e - 3 scrolls of identify


   Skills:
 - Level 2.6 Fighting
 + Level 2.4 Throwing
 + Level 3.0 Dodging
 - Level 1.7 Unarmed Combat
 - Level 2.4 Spellcasting
 - Level 2.6 Translocations


You had 4 spell levels left.
You knew the following spells:

 Your Spells              Type           Power      Damage    Failure   Level
a - Blink                 Tloc           14%        N/A       14%         2

Your spell library contained the following spells:

 Spells                   Type           Power      Damage    Failure   Level
 Sandblast                Erth           2%         2d4       28%         1
 Gell's Gravitas          Tloc           7%         N/A       28%         3
 Lesser Beckoning         Tloc           7%         N/A       28%         3
 Teleport Other           Tloc           7%         N/A       28%         3
 Passwall                 Tmut/Erth      0%         N/A       38%         2
 Stone Arrow              Conj/Erth      2%         3d7       63%         3
 Manifold Assault         Tloc           7%         N/A       95%         5


Dungeon Overview and Level Annotations

Branches:
Dungeon (2/15)

Altars:
Trog


Innate Abilities, Weirdness & Mutations

You are too large for most types of armour.
You have tough skin. (AC +1)


Message History

You kill the frilled lizard!
Trog accepts your kill.
You hit the goblin but do no damage. The goblin barely misses you.
The goblin closely misses you.
The adder hisses angrily.
You hit the goblin.
The goblin is moderately wounded.
The goblin closely misses you.
You barely miss the goblin.
The goblin is moderately wounded.
The goblin hits you with a +0 club.
You hit the goblin but do no damage.
The goblin is moderately wounded.
The goblin hits you with a +0 club. The adder completely misses you.
The goblin closely misses you. The adder bites you but does no damage.
Okay, then.
You barely miss the adder. The adder barely misses you.
The goblin closely misses you. The adder barely misses you.
You barely miss the adder. The goblin hits you but does no damage.
The adder bites you.
* * * LOW HITPOINT WARNING * * *
The goblin hits you with a +0 club.
* * * LOW HITPOINT WARNING * * *
The adder barely misses you.
It was a potion of degeneration.
There was something very wrong with that liquid.
You feel weakened.
You feel dopey.
You feel clumsy.
The goblin shouts!
The adder closely misses you. The goblin hits you but does no damage.
The adder bites you.
* * * LOW HITPOINT WARNING * * *
You are lethally poisoned!
The adder poisons you!
You barely miss the adder.
* * * LOW HITPOINT WARNING * * *
You feel very sick.
The endoplasm quivers.
The goblin barely misses you. The adder bites you but does no damage.
The goblin hits you but does no damage. The adder bites you.
You die...

..# ...
##.##....#...†.. #
.#.##. .##..........
J###... .$#......[...
#.#.##.#. #..........
.....##.##..##.......
....?.....# ##......
#.g#.## #......
##S...# #.#####
#@..### #..## # #g#.#
#####..###
#........#.........
#J.......#.####...#
.<$.........#(...###
#..#........###....#
#.##.?......# #....##
.. #........# #(....#
#........# #)###..#


You could see an adder, an endoplasm and 2 goblins.

Vanquished Creatures
  2 adders (D:2)
  A ball python (D:1)
  An endoplasm (D:2)
  3 goblins
  3 hobgoblins
  2 jackals (D:1)
  5 kobolds
  A quokka (D:2)
  2 bats
  5 frilled lizards
  3 rats (D:1)
28 creatures vanquished.

Notes
Turn   | Place    | Note
-------+----------+-------------------------------------------
     0 | D:1      | Shayle the Ogre Warper began the quest for the Orb.
     0 | D:1      | Reached XP level 1. HP: 22/22 MP: 3/3
   560 | D:1      | Reached XP level 2. HP: 27/29 MP: 5/5
   629 | D:1      | You fall into a shaft and drop 1 floor!
   788 | D:2      | Learned a level 2 spell: Blink
  1154 | D:1      | Found a faded altar of an unknown god.
  1179 | D:1      | Prayed at the altar of an unknown god.
  1179 | D:1      | Became a worshipper of Trog the Wrathful
  1179 | D:1      | Reached * piety under Trog
  1625 | D:2      | Reached XP level 3. HP: 28/36 MP: 6/6
  1848 | D:2      | Reached skill level 3 in Dodging
  1875 | D:2      | Slain by an adder

Illustrated notes

Levels and vault maps discovered:
D:1:      dpeg_arrival_arbitrary_a, layout_loops_ring, basic_ecumenical_altar
D:2:      layout_rooms, minmay_crystal_water, minmay_ruptured

Skill      XL: |  1  2  3 |
---------------+----------+-----
Throwing       | 2 |  2.4
Dodging        | 3 |  3.0
Fighting       | |  2.6
Unarmed Combat | |  1.7
Spellcasting   | |  2.4
Translocations | |  2.6

Action                   || total
-------------------------++-------
Melee: Unarmed           ||   156
       Punch             ||     5
Throw: Boomerang         ||     5
Invok: Berserk           ||     1
  Use: Scroll            ||     1
       Potion            ||     1
Armor: Robe              ||    48
Dodge: Dodged            ||    83

Table legend: (Time is in decaauts)
 A = Elapsed time spent in this place.
 B = Non-inter-level travel time spent in this place.
 C = Inter-level travel time spent in this place.
 D = Time resting spent in this place.
 E = Time spent auto-exploring this place.
 F = Levels seen in this place.
 G = Mean time per level.
                   A        B        C        D        E       F      G
               +--------+--------+--------+--------+--------+-----+--------+
         Total |   1879 |   1863 |     16 |    624 |    863 |   2 |  939.5 |
       Dungeon |   1879 |   1863 |     16 |    624 |    863 |   2 |  939.5 |
               +--------+--------+--------+--------+--------+-----+--------+

Top non-repeatable levels by time:
     D:1: 1212 daAuts
     D:2: 666 daAuts
